Cogmind - Beta 17 @@@ ROGUE MODE // 2026.06.23 @ 16:39:28 Player: the Result: Destroyed by RD-5MM(R) with Subdweller Laser Performance ------------- Evolutions (0) 0 Regions Visited (2) 400 Robots Destroyed (36) 180 Value Destroyed (543) 543 Prototype IDs (1) 20 Alien Tech Used (0) 0 Bonus (5100) 5100 TOTAL SCORE: 6243 Bonus ------- Prayed to X0-1V1 5000 Major X0-1V1 Interference 100 Cogmind --------- Core Integrity 0/200 Matter 244/300 Energy 7/100 System Corruption 2% Temperature Cool (6) Movement Rolling (200) Ox8 Location -10/Subcaves Parts ------- > --- POWER (2) -------- (None) > --- PROPULSION (2) --- Wheel > --- UTILITY (2) ------ Huge Storage Unit X0-1V1's Piety Tracker > --- WEAPON (1) ------- Autogun > --- INVENTORY (25) --- Large Storage Unit Seismic Detector Seismic Detector Hardened Light Armor Plating Hardened Light Armor Plating Scrap Shield Hacking Suite Light EM Pulse Cannon Heavy Assault Rifle Heavy Assault Rifle Heavy Assault Rifle Heavy Assault Rifle Autogun Autogun Autogun Datajack Hammer Peak State ------------ > --- POWER ------------ Ion Engine Ion Engine > --- PROPULSION ------- Spiked Treads Wheel > --- UTILITY ---------- Huge Storage Unit X0-1V1's Piety Tracker > --- WEAPON ----------- Battle Cannon > --- INVENTORY -------- Light Treads Wheel Large Storage Unit Seismic Detector Seismic Detector Hardened Light Armor Plating Hardened Light Armor Plating Scrap Shield Hacking Suite Subdweller Laser Light EM Pulse Cannon Heavy Assault Rifle Heavy Assault Rifle Heavy Assault Rifle Heavy Assault Rifle Autogun Autogun Autogun Autogun Battle Cannon Datajack Hammer [Rating: 25] Favorites ----------- Power Ion Engine Engine Ion Engine Propulsion Light Treads Treads Light Treads Wheel Wheel Utility Seismic Detector Device Seismic Detector Storage Large Storage Unit Protection Core Shielding Weapon Autogun Energy Gun Subdweller Laser Energy Cannon Light EM Pulse Cannon Ballistic Gun Autogun Ballistic Cannon Battle Cannon Impact Weapon Hammer Build | -11 -10 -10 ------- Run | Yrd Mat Sub Slots Evolved . | . . . Power . | . . . Propulsion . | . . . Utility . | . . . Weapon . | . . . Parts Attached 32 | 9 16 7 Power 4 | 1 2 1 Engine 4 | 1 2 1 Core . | . . . Reactor . | . . . Propulsion 6 | 2 3 1 Treads 3 | 2 . 1 Leg . | . . . Wheel 3 | . 3 . Hover . | . . . Flight . | . . . Utility 11 | 4 7 . Device 5 | 3 2 . Storage 3 | 1 2 . Processor . | . . . Hackware . | . . . Protection 3 | . 3 . Artifact . | . . . Weapon 11 | 2 4 5 Energy Gun 1 | . . 1 Energy Cannon 1 | . . 1 Ballistic Gun 6 | 2 3 1 Ballistic Cannon 2 | . . 2 Launcher . | . . . Special Weapon . | . . . Impact Weapon 1 | . 1 . Slashing Weapon . | . . . Piercing Weapon . | . . . Special Melee Weapon . | . . . Unidentified Prototypes 1 | . 1 . Parts Lost 10 | . 2 8 Power 2 | . . 2 Propulsion 4 | . 1 3 Utility 1 | . 1 . Weapon 3 | . . 3 Highest Loss Streak 8 | . 1 8 To Critical Strikes 1 | . . 1 Average Backups 12 | 1 12 18 Power . | . 1 . Propulsion . | . . 1 Utility 4 | . 3 6 Weapon 6 | 1 6 9 Tool/Special . | . . . Unused Backups 13 | 1 4 8 Power 1 | . 1 . Propulsion . | . . . Utility 4 | . 1 3 Weapon 7 | 1 2 4 Tool/Special 1 | . . 1 Average Slot Usage (%) 98 | . 98 99 Engine 16 | . 14 21 Treads 11 | . 14 . Wheel 15 | . 11 26 Device 11 | . 11 14 Storage 14 | . 14 14 Protection 1 | . 2 . Ballistic Gun 22 | . 27 7 Ballistic Cannon 1 | . . 6 Impact Weapon 1 | . . 5 Peak Build Rating 25 | 7 23 25 Average Rating 12 | 6 9 22 On Entrance 10 | . 7 23 Avg Prop Armor Cover (%) 11 | . 11 13 Naked Turns . | . . . Heaviest Build 94 | 13 92 94 Greatest Support 40 | 40 40 20 Greatest Overweight (x) 9 | . 4 9 Average Overweight (x) 2 | . 1 4 Largest Inventory Capacity 25 | 8 25 25 Average Capacity 18 | 7 17 25 Most Carried 23 | 4 17 23 Average Carried 13 | 1 12 19 Final Capacity 25 | 8 25 25 Final Carried 18 | 4 17 18 Class Distribution -------------------- 100% | Mutant Dominant Class ---------------- Mutant | -10/Materials Mutant | -10/Subcaves Resources | -11 -10 -10 ----------- Run | Yrd Mat Sub Matter Collected 1167 | 344 618 205 Remotely 16 | 16 . . Salvage Created 939 | 203 707 29 Parts 77 | 18 59 . Haulers Intercepted 2 | . 2 . Recyclers Shooed . | . . . Parts Field Recycled . | . . . Retrieved Matter . | . . . Parts Self-Destructed 3 | . . 3 Prevented . | . . . Parts Restored . | . . . Kills | -11 -10 -10 ------- Run | Yrd Mat Sub Combat Hostiles Destroyed 14 | . 13 1 Guns 13 | . 13 . Cannons 1 | . . 1 Classes Destroyed 10 | 3 6 1 Worker 4 | 2 2 . Builder 2 | . 2 . Tunneler 7 | 5 2 . Hauler 2 | . 2 . Recycler 2 | 1 1 . Operator 2 | . 2 . Watcher 3 | . 3 . Swarmer 6 | . 6 . Grunt 7 | . 7 . Subdweller 1 | . . 1 Best Kill Streak 6 | 5 6 1 Combat Bots Only 5 | . 5 1 Max Kills in Single Turn 1 | 1 1 1 Gunslinging . | . . . Exploded . | . . . Melee . | . . . Uniques/NPCs Destroyed . | . . . Combat | -11 -10 -10 -------- Run | Yrd Mat Sub Hostile Shots Fired 122 | . 79 43 Missed 32 | . 23 9 Hits 90 | . 56 34 Projectile 90 | . 56 34 Critical Strikes 2 | . 1 1 Damage Taken 1460 | . 602 858 Core 254 | . 82 172 Absorbed by Shields . | . . . Redirected to Shielding 9 | . 9 . Core Remaining (%) 100 | 100 . . Volleys Fired 118 | 32 67 19 Largest 2 | 2 2 1 Hottest 60 | 40 46 60 Shots Fired 218 | 64 134 20 Gun 203 | 64 134 5 Cannon 15 | . . 15 Launcher . | . . . Special . | . . . Kinetic 213 | 64 134 15 Thermal 4 | . . 4 Explosive . | . . . Electromagnetic 1 | . . 1 Robot Hit Streak 10 | 7 6 10 Robot Miss Streak 5 | 4 5 1 Penetration Max . | . . . Secondary Targets 1 | . 1 . Max Gunslinging Chain 1 | . 1 . Shots Hit Robots 118 | 38 64 16 Core Hits 56 | 15 37 4 Critical Kills . | . . . Critical Parts Destroyed 1 | 1 . . Critical Strikes 2 | 1 . 1 Destroy 2 | 1 . 1 Melee Attacks 7 | . 1 6 Impact 7 | . 1 6 Slashing . | . . . Piercing . | . . . Sneak Attacks . | . . . Combat Hostiles . | . . . Follow-up Attacks . | . . . Damage Inflicted 1449 | 308 827 314 Guns 1204 | 308 820 76 Cannons 238 | . . 238 Explosions . | . . . Melee . | . . . Ramming 7 | . 7 . Kinetic 1364 | 308 820 236 Thermal 59 | . . 59 Explosive . | . . . Electromagnetic 19 | . . 19 Impact . | . . . Slashing . | . . . Piercing . | . . . Highest Corruption 2 | . 2 2 Average Corruption 2 | . 2 2 Corruption Purged . | . . . Corruption Blocked . | . . . Effects 12 | . 6 6 Message Errors 1 | . 1 . Matter Fused 5 | . 4 1 Heat Flow Errors 1 | . . 1 Energy Discharges 2 | . . 2 Data Loss (minor) 2 | . 1 1 Misfires 1 | . . 1 Overload Shots . | . . . Overflow Damage . | . . . Projectiles . | . . . Explosions . | . . . Melee . | . . . Knockbacks 2 | . . 2 Impact . | . . . Kinetic 2 | . . 2 Secondary . | . . . Self-Inflicted Damage . | . . . Shots . | . . . Rammed . | . . . Targets Rammed 1 | . 1 . Kicked . | . . . Crushed 1 | . 1 . Highest Temperature 75 | . 49 75 Average Temperature 15 | . 14 40 Received Heat Transfer 357 | . 213 144 Siege Activations . | . . . Martial Activations . | . . . Shielding Activations . | . . . Robots Disrupted . | . . . Combat Hostiles . | . . . Robots Corrupted . | . . . Combat Hostiles . | . . . Parts Fried . | . . . Impact Corruptions . | . . . Robots Melted . | . . . Combat Hostiles . | . . . Parts Melted . | . . . Heat Transferred 75 | . . 75 Parts Sabotaged . | . . . Parts Stolen . | . . . Parts Stripped . | . . . Power Chain Reactions . | . . . Alert | -11 -10 -10 ------- Run | Yrd Mat Sub Maximum Alert Level . | . . . Low Security (%) 100 | 100 100 . Level 1 . | . . . Level 2 . | . . . Level 3 . | . . . Level 4 . | . . . Level 5 . | . . . High Security . | . . . Max Security . | . . . Peak Influence 125 | 15 125 . Initial . | . . . Average 53 | 2 59 . Influence Increases 488 | 40 448 . Destroy 0b10 Robot/C 260 | . 260 . Destroy 0b10 Robot/NC 110 | 40 70 . Destroy Leader 70 | . 70 . Successful Hack 12 | . 12 . Disable Machine 30 | . 30 . Destroy Structure 6 | . 6 . Influence Decreases 488 | 40 421 27 Entered New Map 14 | . . 14 Time Decay 464 | 40 411 13 Lost Part 10 | . 10 . Squads Dispatched 2 | . 2 . Investigation 1 | . 1 . Extermination . | . . . Reinforcement 1 | . 1 . Assault . | . . . Garrison . | . . . Intercept . | . . . Searches Triggered . | . . . Construction Impeded . | . . . Haulers Reinforced . | . . . Active Scanning Responses . | . . . Cargo Convoy Interrupts . | . . . Stealth | -11 -10 -10 --------- Run | Yrd Mat Sub Distress Signals 2 | . 2 . Communications Jammed . | . . . Distress Signals . | . . . Times Spotted 26 | . 21 5 Peak Tracking Total 6 | . 6 3 Tactical Retreats . | . . . Traps | -11 -10 -10 ------- Run | Yrd Mat Sub Traps Triggered 4 | . 3 1 Indirectly . | . . . Trap Hack Attempts . | . . . Triggered . | . . . Disarmed . | . . . Reprogrammed . | . . . Reused . | . . . Traps Extracted . | . . . Installed . | . . . Triggered . | . . . Machines | -11 -10 -10 ---------- Run | Yrd Mat Sub Machines Disabled 2 | . 2 . Max in Single Turn 1 | . 1 . Machines Repaired . | . . . Machines Dismantled . | . . . Machines Sabotaged . | . . . Overloaded Fab Kills . | . . . Hacking | -11 -10 -10 --------- Run | Yrd Mat Sub Machines Accessed 8 | . 8 . Terminals 7 | . 7 . Fabricators . | . . . Repair Stations 1 | . 1 . Recycling Units . | . . . Scanalyzers . | . . . Garrison Access . | . . . Total Hacks 13 | . 13 . Successful 8 | . 8 . Failed 5 | . 5 . Catastrophic 1 | . 1 . Database Lockouts . | . . . Manual 34 | . 34 . Terminals 12 | . 12 . Fabricators . | . . . Repair Stations 1 | . 1 . Recycling Units . | . . . Scanalyzers . | . . . Garrison Access . | . . . Terminal Hacks . | . . . Fabricator Hacks . | . . . Repair Station Hacks . | . . . Recycling Unit Hacks . | . . . Scanalyzer . | . . . Garrison Access Hacks . | . . . Unauthorized Hacks 8 | . 8 . Terminals 8 | . 8 . Assimilate 1 | . 1 . Botnet 1 | . 1 . Skim 6 | . 6 . Fabricators . | . . . Repair Stations . | . . . Recycling Units . | . . . Scanalyzers . | . . . Garrison Access . | . . . Data Cores Recovered 1 | . 1 . Used 1 | . 1 . Hacking Detections 4 | . 4 . Full Trace Events . | . . . Feedback Events . | . . . Feedback Blocked . | . . . Robot Schematics Acquired . | . . . Robots Built . | . . . Authchips . | . . . Time . | . . . Total Robot Build Rating . | . . . Part Schematics Acquired . | . . . Parts Built . | . . . Authchips . | . . . Time . | . . . Total Part Build Rating . | . . . Part Studies Acquired . | . . . Parts Repaired . | . . . Time . | . . . Parts Recycled . | . . . Recycled Matter . | . . . Retrieved Matter . | . . . Retrieved Components . | . . . Parts Scanalyzed . | . . . Part Schematics Acquired . | . . . Parts Damaged . | . . . Bothacking | -11 -10 -10 ------------ Run | Yrd Mat Sub Used RIF Installer . | . . . Robots Hacked . | . . . Non-combat . | . . . Combat . | . . . Robot Hacks Applied . | . . . Relay Couplers Released . | . . . Fabnet Peak Effective % . | . . . Robots Rewired . | . . . Allies Hacked . | . . . Hacks Repelled . | . . . Allies | -11 -10 -10 -------- Run | Yrd Mat Sub Total Allies . | . . . Largest Group . | . . . Highest-Rated Group . | . . . Highest-Rated Ally . | . . . Total Orders . | . . . Ally Attacks . | . . . Total Damage . | . . . Kills . | . . . Allies Corrupted . | . . . Allies Melted . | . . . X0-1V1 Amusement Gains 37 | . 7 30 Good Acts 2 | . . 2 Bad Acts 1 | . . 1 Intel | -11 -10 -10 ------- Run | Yrd Mat Sub Active Infowar (turns) 1434 | 76 1358 . Seismic 1434 | 76 1358 . Robot Analysis Total . | . . . Derelict Logs Recovered . | . . . Drone Launches . | . . . Drone Recoveries . | . . . Exploration | -11 -10 -10 ------------- Run | Yrd Mat Sub Turns Passed 2528 | 218 1720 590 Spaces Moved 1275 | 76 843 356 Core 5 | 5 . . Treads 359 | 71 288 . Legs . | . . . Wheels 911 | . 555 356 Hover . | . . . Flight . | . . . Fastest Speed 50 | 50 115 140 Average Speed 141 | 152 140 142 Slowest Speed 240 | 160 240 215 Overloaded Moves . | . . . Propulsion Burnouts . | . . . Robots Hopped . | . . . Potential Cave-ins . | . . . Cave-ins Triggered . | . . . Exploration Rate (%) 44 | 6 97 31 Regions Visited 2 Branch Regions 1 Pre-discovered Areas 1 | . 1 . Known Exits Taken . | . . . Unknown Exits Taken 2 | 1 1 . Scrap Searched 2 | . . 2 Spaces Dug 1 | . 1 . Terrain Destroyed 2 | . 1 1 Melee 1 | . 1 . Projectile 1 | . . 1 AOE . | . . . Terrain Rammed . | . . . Walls Destroyed . | . . . Machines Disabled . | . . . Actions | -11 -10 -10 --------- Run | Yrd Mat Sub Total 1796 | 124 1265 407 Wait 299 | . 292 7 Move 1273 | 75 842 356 Hop . | . . . Pick Up 32 | 5 21 6 Fast Attach 12 | 8 4 . Attach 9 | . 3 6 Detach 3 | 1 2 . Swap 27 | 1 19 7 Drop 15 | 2 13 . Fire 118 | 32 67 19 Melee 7 | . 1 6 Ram . | . . . Kick . | . . . Crush 1 | . 1 . Escape Stasis . | . . . Rewire . | . . . Trap . | . . . Miscellaneous . | . . . Route ------- -11/Scrapyard -10/Materials (discovered 6 exits: [*Mat x3] / [*Min x2] / [*Sub]) -10/Subcaves (discovered 3 exits: Mat x2 / [*Scr]) History --------- Turn | Location | Event 9 | -11/Scrapyard | Discovered new exit (range 15) 219 | -11/Scrapyard | Entered Materials 315 | -10/Materials | Build established: Mutant 374 | -10/Materials | Discovered new exit (range 8) 491 | -10/Materials | Discovered new exit (range 7) 641 | -10/Materials | Discovered new exit (range 16) 1025 | -10/Materials | Discovered new exit (range 15) 1222 | -10/Materials | Discovered new exit (range 13) 1386 | -10/Materials | Discovered new exit (range 7) 1795 | -10/Materials | Learned Recycling recycling unit intel 1932 | -10/Materials | Prayed at D.C.S.S. Altar Unit 1939 | -10/Materials | Entered Subcaves 1940 | -10/Subcaves | Approached by a straggling Scientist 1940 | -10/Subcaves | Identified exit to Materials 1969 | -10/Subcaves | Ranged accuracy permanently improved by X0-1V1 (+5%) 2024 | -10/Subcaves | Shifting Twisted Machinery released Riot Gun 2029 | -10/Subcaves | Shifting Twisted Machinery released Battle Cannon 2175 | -10/Subcaves | X0-1V1 mutated your Weapon slot to Power slot 2204 | -10/Subcaves | A swath of the cavern ceiling suddenly collapsed 2509 | -10/Subcaves | Ambushed by Subdweller buried in earth 2520 | -10/Subcaves | Core integrity fell below 50% 2525 | -10/Subcaves | Core integrity fell below 20% 2529 | -10/Subcaves | Destroyed by RD-5MM(R) with Subdweller Laser Last Messages --------------- in all directions. 02486_ X0-1V1 is mildly amused. 02494_ System corrupted: Energy discharge (-80). 02506_ Critical hit (Destroy). 02506_ Battle Cannon destroyed. 02509_ X0-1V1: "Fire in the hole!" 02509_ HQ-AGX(R) destroyed. 02509_ Ion Engine destroyed. 02510_ WB-E0W(R): "ARGHSUB!" 02512_ Spk. Treads destroyed. 02513_ The unstable cave ceiling collapses. 02513_ Battle Cannon destroyed. 02514_ Lgt. Treads destroyed. 02515_ Wheel destroyed. 02516_ X0-1V1 is amused. 02520_ WB-E0W(R) suffers critical hit (Destroy). 02521_ Ion Engine destroyed. 02522_ Sub. Laser destroyed. 02525_ The unstable cave ceiling collapses. 02529_ X0-1V1 chortles! Map ----- +----------------------------------------------------+ |